 Dungeon Crawl Stone Soup version 0.29.1-1-gd02db6906a (webtiles) character file.

Game seed: 16445475384243160431

25 sentinel the Digger (level 3, 0/26 HPs)
             Began as a Meteoran Earth Elementalist on Sept 27, 2022.
             Slain by Crazy Yiuf
             ... wielding a +4 quarterstaff of chaos
              (12 damage)
             ... on level 3 of the Dungeon.
             The game lasted 00:01:01 (219 turns).

sentinel the Digger (Meteoran Earth Elementalist)    Turns: 219, Time: 00:01:02

Health: 0/26       AC:  2    Str:  9    XL:     3   Next: 38%
Magic:  6/8        EV: 12    Int: 18    God:
Gold:   0          SH:  0    Dex: 15    Spells: 1/7 levels left

rFire   . . .      SeeInvis .   (no weapon)
rCold   . . .      Faith    .   (no shield)
rNeg    . . .      Spirit   .   a - +0 robe
rPois   .          Reflect  .   (no helmet)
rElec   .          Harm     .   (no cloak)
rCorr   .          Rampage  .   (no gloves)
Will    .....                   (no boots)
Stlth   +.........              (no amulet)
HPRegen 0.08/turn               (no ring)
MPRegen 0.11/turn               (no ring)

@: glowing
A: sense surroundings 1, otherworldly, glowing, explore regen
a: no special abilities


You were on level 3 of the Dungeon.
You visited 1 branch of the dungeon, and saw 3 of its levels.

Inventory:

Armour
 a - a +0 robe (worn)
Scrolls
 e - a scroll of enchant weapon {unknown}
 g - a scroll of acquirement {unknown}
 j - a scroll of identify {unknown}
Potions
 b - a potion of magic
 c - a potion of mutation {unknown}
 d - a potion of attraction {unknown}
 f - 2 potions of curing {unknown}
 h - 4 potions of heal wounds {unknown}
 i - a potion of haste {unknown}
 k - a potion of lignification {unknown}


   Skills:
 - Level 2.4 Dodging
 - Level 1.4 Stealth
 + Level 2.7 Spellcasting
 * Level 0.1 Conjurations
 - Level 1.2 Transmutations
 + Level 5.0 Earth Magic


You had one spell level left.
You knew the following spells:

 Your Spells              Type           Power      Damage    Failure   Level
a - Sandblast             Erth           40%        2d10      2%          1
b - Stone Arrow           Conj/Erth      22%        3d8       17%         3
c - Passwall              Tmut/Erth      10%        N/A       7%          2

Your spell library contained the following spells:

 Spells                   Type           Power      Damage    Failure   Level
 Petrify                  Tmut/Erth      13%        N/A       43%         4


Dungeon Overview and Level Annotations

Branches:
Dungeon (3/15) Zot: 1573

Altars:

Annotations:
D:3 Crazy Yiuf


Innate Abilities, Weirdness & Mutations

You passively map a small area around you.
You are easily found by Zot.
You glow in the dark.
You regain HP and MP as you explore.


Message History

You can't see any susceptible monsters within range! (Use Z to cast anyway.)
The endoplasm quivers.
The blast of sand hits the endoplasm!
You kill the endoplasm!
You can't see any susceptible monsters within range! (Use Z to cast anyway.)
You can't see any susceptible monsters within range! (Use Z to cast anyway.)
A worm comes into view.
The blast of sand hits the worm!
The worm is severely wounded.
The blast of sand hits the worm!
You kill the worm!
Your Earth Magic skill increases to level 4!
You have reached level 2!
You see here a worm corpse.
Memorise Passwall, consuming 2 spell levels and leaving 3?
You start memorising the spell.
You continue memorising. x2
You finish memorising.
Spell assigned to 'c'.
Found three items.
d - a fuming coppery potion
e - a scroll labelled PYOM EBBOWKEA
Found 17 gold pieces and a scroll labelled KEIDUXIOLI.
Found 2 amethyst potions.
Found a stone staircase leading up.
f - 2 glowing brown potions
g - a scroll labelled KEIDUXIOLI
h - 2 amethyst potions
There is a stone staircase leading up here.
You climb upwards.
The goblin shouts! x2
Found a scale mail.
There is a stone staircase leading down here.
You climb downwards.
There is a stone staircase leading up here.
Casting: Sandblast (safe; 3% risk of failure)
Confirm with . or Enter, or press ? or * to list all spells.
Aiming: Passwall (safe; 10% risk of failure)
Press: ? - help, Dir - move target A rock wall.
You begin to meditate on the wall.
You continue meditating on the rock. x3
You finish merging with the rock.
Magic restored.
Casting: Passwall (safe; 10% risk of failure)
Confirm with . or Enter, or press ? or * to list all spells.
Aiming: Passwall (safe; 10% risk of failure)
Press: ? - help, Dir - move target A rock wall.
This rock feels extremely deep.
Casting: Passwall (safe; 10% risk of failure)
Confirm with . or Enter, or press ? or * to list all spells.
Aiming: Passwall (safe; 10% risk of failure)
Press: ? - help, Dir - move target A rock wall.
You begin to meditate on the wall.
You continue meditating on the rock. x2
You finish merging with the rock.
Magic restored.
Found a green potion.
A goblin comes into view. It is wielding a +0 dagger.
An adder comes into view.
The adder hisses angrily.
The goblin shouts!
The blast of sand hits the adder.
The adder is heavily wounded.
The adder bites you.
The blast of sand hits the adder!
You kill the adder!
The goblin hits you with a +0 dagger.
The blast of sand misses the goblin.
The goblin hits you with a +0 dagger.
The blast of sand hits the goblin!
You kill the goblin!
You can't see any susceptible monsters within range! (Use Z to cast anyway.)
You can't see any susceptible monsters within range! (Use Z to cast anyway.)
Found a club.
Found a stone staircase leading down.
You see here a +0 dagger.
i - a green potion
There is a stone staircase leading down here.
You climb downwards.
Magic restored.
HP restored.
Found a glowing sling and 16 gold pieces.
There is a stone staircase leading up here.
You see here 16 gold pieces.
Found a scroll labelled FAITOKHL GESEP and 6 gold pieces.
Found a blackened copper amulet and 2 amethyst potions.
Autopickup is now off.
You see here an amulet of guardian spirit.
Okay, then.
Casting: Sandblast (safe; 3% risk of failure)
Confirm with . or Enter, or press ? or * to list all spells.
Aiming: Passwall (safe; 9% risk of failure)
Press: ? - help, Dir - move target A rock wall.
You begin to meditate on the wall.
You continue meditating on the rock. x2
You finish merging with the rock.
The adder hisses angrily.
The blast of sand hits the adder.
The adder is moderately wounded.
The adder bites you.
The blast of sand misses the adder.
The adder bites you.
The blast of sand hits the adder!
You kill the adder!
Your Earth Magic skill increases to level 5!
You have reached level 3!
Your experience leads to an increase in your attributes!
Increase (s)trength, (i)ntelligence, or (d)exterity?
You feel clever. x2; You feel agile.
This spell is quite dangerous to cast!
Memorise Stone Arrow, consuming 3 spell levels and leaving 1?
You start memorising the spell.
You continue memorising. x3
You finish memorising.
Spell assigned to 'b'.
Things that are here:
2 amethyst potions; an adder corpse
h - 4 amethyst potions (gained 2) Autopickup is now on.
j - a scroll labelled FAITOKHL GESEP You see here 6 gold pieces.
HP restored.
Magic restored.
Magic restored.
A ball python comes into view.
The ball python barely misses you. The ball python grabs you.
The ball python constricts you.
The blast of sand hits the ball python!
You kill the ball python!
You can't see any susceptible monsters within range! (Use Z to cast anyway.)
You can't see any susceptible monsters within range! (Use Z to cast anyway.) Magic restored.
Found a fuming inky potion.
k - a fuming inky potion
Casting: Sandblast (safe; 2% risk of failure)
Confirm with . or Enter, or press ? or * to list all spells.
Aiming: Passwall (safe; 7% risk of failure)
Press: ? - help, Dir - move target A rock wall.
You begin to meditate on the wall.
You continue meditating on the rock. x2
You finish merging with the rock.
You hit the fungus.
The fungus begins to die.
The fungus is lightly damaged.
You hit the fungus.
The fungus is lightly damaged.
A nearby fungus withers and dies.
Found a hammer.
Found a runed translucent door.
Crazy Yiuf shouts!
Crazy Yiuf says, "Whippet forty-two dark!"
You open the door.
Crazy Yiuf cries, "Seed bag stair!"
The blast of sand hits Crazy Yiuf.
Crazy Yiuf is lightly wounded.
Crazy Yiuf hits you with a +4 quarterstaff of chaos!
Crazy Yiuf burns you.
The blast of sand hits Crazy Yiuf!
Crazy Yiuf is severely wounded.
Crazy Yiuf cries, "Snurf water spinner!"
Crazy Yiuf hits you with a +4 quarterstaff of chaos!
You die...

##### * ,
#)..# *
#...# ... ,,
#g# ♣@♣♣ *
*, ♣♣.♣ * *
♣.♣♣ , ♣♣.♣
♣♣.♣♣ ♣PP.♣
♣♣PP.♣ *
#....# ,
####....#**,


You could see Crazy Yiuf.

Vanquished Creatures
  2 adders
  A worm (D:2)
  A ball python (D:3)
  An endoplasm (D:2)
  A goblin (D:2)
6 creatures vanquished.

Vanquished Creatures (others)
  A fungus (D:3)
1 creature vanquished.

Grand Total: 7 creatures vanquished

Notes
Turn   | Place    | Note
-------+----------+-------------------------------------------
     0 | D:1      | sentinel the Meteoran Earth Elementalist began the quest
                  | for the Orb.
     0 | D:1      | Reached XP level 1. HP: 14/14 MP: 5/5
    39 | D:2      | Reached skill level 4 in Earth Magic
    39 | D:2      | Reached XP level 2. HP: 20/20 MP: 3/6
    47 | D:2      | Learned a level 2 spell: Passwall
   143 | D:3      | Reached skill level 5 in Earth Magic
   143 | D:3      | Reached XP level 3. HP: 23/26 MP: 2/8
   147 | D:3      | Learned a level 3 spell: Stone Arrow
   213 | D:3      | Found a runed translucent door.
   214 | D:3      | Noticed Crazy Yiuf
   219 | D:3      | Slain by Crazy Yiuf

Illustrated notes

Levels and vault maps discovered:
D:1:      minmay_arrival_four_houses, layout_loops_ring
D:2:      layout_basic, moated_statue, kennysheep_generic_room_13
D:3:      layout_loops_ring, uniq_crazy_yiuf_cottage

Skill      XL: |  1  2 |
---------------+-------+-----
Earth Magic    | 4 5 |  5.0
Dodging        | |  2.4
Stealth        | |  1.4
Spellcasting   | |  2.7
Conjurations   | |  0.1
Transmutations | |  1.2

Action                   || total
-------------------------++-------
Melee: Unarmed           ||     2
 Cast: Sandblast         ||    13
       Passwall          ||     5
Dodge: Dodged            ||     1
